 Dungeon Crawl Stone Soup version 0.30.1-11-g7821555f0a (webtiles) character file.

Game seed: 8895042830499835580

228 CaptainMV the Cudgeller (level 6, -26/51 HPs)
             Began as a Naga Wanderer on Jan 16, 2024.
             Was a Follower of Uskayaw.
             Killed from afar by an oklob plant (29 damage)
             ... with a splash of acid
             ... created by the enmity of Fedhas Madash
             ... on level 5 of the Dungeon.
             The game lasted 00:17:31 (2590 turns).

CaptainMV the Cudgeller (Naga Wanderer)             Turns: 2590, Time: 00:17:32

Health: -26/51     AC:  1    Str: 18    XL:     6   Next: 2%
Magic:  6/6        EV:  6    Int:  9    God:    Uskayaw [*.....]
Gold:   149        SH:  0    Dex: 12    Spells: 5/5 levels left

rFire   . . .        a - +3 mace (spect)
rCold   . . .        t - +0 tower shield
rNeg    . . .        e - +0 leather armour
rPois   +            v - +0 helmet
rElec   .            (no cloak)
rCorr   .            c - +0 pair of gloves
SInv    +            (no barding)
Will    .....        p - amulet of reflection
Stlth   +            (no ring)
HPRegen 0.28/turn    (no ring)
MPRegen 0.10/turn

%: reflection
@: confused, corroded, very slow
A: AC +2, large, see invisible, deformed body, poison resistance, slowness 2,
spit poison 1, naga tail 1
a: Spit Poison, Renounce Religion, Stomp


You were on level 5 of the Dungeon.
You worshipped Uskayaw.
Uskayaw was noncommittal.
You visited 2 branches of the dungeon, and saw 6 of its levels.

You collected 149 gold pieces.

Inventory:

Hand Weapons
 a - a +3 spectral mace (weapon)
 b - a +0 spear
Missiles
 i - 4 datura-tipped darts (quivered)
 o - 4 boomerangs of dispersal
 r - 6 poisoned darts
Armour
 c - a +0 pair of gloves (worn)
 e - a +0 leather armour (worn)
 t - a +0 tower shield (worn)
 v - a +0 helmet (worn)
Jewellery
 n - an amulet of magic regeneration
 p - an amulet of reflection (around neck)
Scrolls
 j - a scroll of enchant weapon
 l - 2 scrolls of teleportation
 q - 2 scrolls of brand weapon
Potions
 f - 2 potions of might
 g - a potion of cancellation {unknown}
 h - 3 potions of heal wounds
 k - a potion of haste {unknown}
 m - 3 potions of curing
 s - 2 potions of mutation {unknown}
 u - a potion of degeneration {unknown}


   Skills:
 + Level 1.3 Fighting
 + Level 5.4 Maces & Flails
 + Level 3.2 Polearms
 + Level 1.0 Throwing
 + Level 2.0 Armour
 + Level 2.1 Dodging
 + Level 1.7 Stealth
 + Level 0.7 Shields


You had 5 spell levels left.
You didn't know any spells.
Your spell library contained the following spells:

 Spells                   Type           Power      Damage    Failure   Level
 Sandblast                Erth           0%         2d4       99%         1
 Passwall                 Tmut/Erth      0%         N/A       100%        2
 Stone Arrow              Conj/Erth      0%         3d7       100%        3


Dungeon Overview and Level Annotations

Branches:
Dungeon (5/15)             Temple (1/1) D:4

Altars:
Dithmenos
Elyvilon
Fedhas
Gozag
Kikubaaqudgha
Nemelex Xobeh
Okawaru
Qazlal
Trog
Uskayaw
Zin

Annotations:
D:5 exclusion: 2 oklob plants


Innate Abilities, Weirdness & Mutations

Your serpentine skin is tough. (AC +2)
You have supernaturally acute eyesight. (SInv)
Armour fits poorly on your strangely shaped body.
Your system is resistant to poisons. (rPois)
You cover ground very slowly.
You can spit poison.
You have a snake-like lower body.


Message History

As you read the scroll of blinking, it crumbles to dust.
The oklob plant moves out of view.
A kobold comes into view. It is wielding a +0 club.
The kobold shouts!
The kobold hits you with a +0 club.
You closely miss the kobold.
Your +3 spectral mace hits the kobold!
You kill the kobold!
Your +3 spectral mace disappears.
Found a stone staircase leading down.
There is a stone staircase leading down here.
You climb downwards.
There is a stone staircase leading up here.
Found 18 gold pieces and a scroll of brand weapon.
You now have 149 gold pieces (gained 18).
q - 2 scrolls of brand weapon (gained 1)
Found 9 stones.
You see here 9 stones.
You see here 9 stones.
Plants grow around you in an ominous manner.
Marking area around 2 oklob plants as unsafe for travelling. 2 oklob plants come into view.
The wandering mushroom attacks as you move away!
The wandering mushroom releases spores at you.
You are engulfed in a cloud of dizzying spores!
You are confused.
Marking area around 2 oklob plants as unsafe for travelling.
The oklob plant spits acid at you.
Fedhas protects a plant from harm.
The splash of acid hits you!! The acid corrodes you!
The oklob plant spits acid at you. The splash of acid misses you.
The oklob plant spits acid at you. The splash of acid hits you!!
Ouch! That really hurt!
* * * LOW HITPOINT WARNING * * *
The oklob plant spits acid at you.
Fedhas protects a plant from harm.
The splash of acid hits you!!
Ouch! That really hurt!
You die...

≈≈≈≈≈≈≈ ≈≈≈≈≈≈≈
≈≈≈≈≈≈≈ ≈≈≈≈≈≈≈
#########
≈≈≈≈≈≈≈#####≈≈≈≈≈≈≈≈
≈≈≈≈≈≈≈≈≈≈~~≈≈≈~≈≈≈≈
~~≈~~~~~~~~~~~~~~~~~
...~..~.~..~~~~~..~.
.......(.@...PP.....
.............f......
#....#..#########...
.... ##......#######
.... ##..#
#####......... #.#.
#...# ##.#######
#.#.##...# #.#
#.#....... #.#
#.#....... #.#
#.##......


You could see 2 oklob plants and a wandering mushroom.

Vanquished Creatures
  A phantom (D:4)
  A howler monkey (D:4)
  An iguana (D:4)
  3 adders
  5 dart slugs
  3 worms
  6 ball pythons
  2 endoplasms
  3 giant cockroaches
  3 goblins
  5 hobgoblins
  12 kobolds
  3 quokkas
  3 bats
  A frilled lizard (D:3)
  3 rats
55 creatures vanquished.

Notes
Turn   | Place    | Note
-------+----------+-------------------------------------------
     0 | D:1      | CaptainMV the Naga Wanderer began the quest for the Orb.
     0 | D:1      | CaptainMV set off with the following items: a +2 mace, a +0
                  | spear, a +0 pair of gloves, a scroll of blinking, a +0
                  | leather armour.
     0 | D:1      | Reached XP level 1. HP: 15/15 MP: 1/1
   186 | D:1      | Found a faded altar of an unknown god.
   195 | D:1      | Prayed at the altar of an unknown god.
   195 | D:1      | Became a worshipper of Fedhas Madash
   195 | D:1      | Reached * piety under Fedhas
   252 | D:1      | Reached XP level 2. HP: 13/22 MP: 2/2
   671 | D:2      | Reached XP level 3. HP: 25/28 MP: 3/3
   818 | D:2      | Reached ** piety under Fedhas
   843 | D:2      | Reached skill level 1 in Armour
   843 | D:2      | Reached XP level 4. HP: 17/37 MP: 4/4
  1580 | D:3      | Reached skill level 1 in Stealth
  1896 | D:4      | Noticed a phantom
  1902 | D:4      | Killed a phantom
  1903 | D:4      | Reached skill level 1 in Fighting
  1903 | D:4      | Reached skill level 5 in Maces & Flails
  1903 | D:4      | Reached XP level 5. HP: 33/44 MP: 5/5
  1987 | D:4      | Found a staircase to the Ecumenical Temple.
  1993 | Temple   | Entered the Ecumenical Temple
  2196 | Temple   | Fell from the grace of Fedhas
  2196 | Temple   | Became a worshipper of Uskayaw the Reveller
  2470 | D:4      | Reached * piety under Uskayaw
  2472 | D:4      | Reached XP level 6. HP: 37/51 MP: 6/6
  2488 | D:4      | Noticed an oklob plant
  2488 | D:4      | Noticed a wandering mushroom
  2488 | D:4      | Noticed a wandering mushroom
  2488 | D:4      | Noticed a wandering mushroom
  2520 | D:5      | Entered Level 5 of the Dungeon
  2587 | D:5      | Noticed an oklob plant
  2587 | D:5      | Noticed an oklob plant
  2587 | D:5      | Noticed a wandering mushroom
  2590 | D:5      | Killed from afar by an oklob plant

Illustrated notes

Levels and vault maps discovered:
D:1:      ldierk_walled_garden_2, layout_basic,
          shapermc_ecumenical_altar_notcrosses
D:2:      layout_loops_ring
D:3:      layout_basic
D:4:      layout_cave_pods, minmay_temple_entry_overgrown
D:5:      minmay_goblin_kobold_castle, layout_loops_ring, tgw_sif,
          mainiacjoe_overflow_surrounded_room, uniq_pikel
Temple:   grunt_temple_mini_profane

Skill      XL: |  1  2  3  4  5 |
---------------+----------------+-----
Armour         | 1 2 |  2.0
Dodging        | 2 |  2.1
Stealth        | 1 |  1.7
Fighting       | 1 |  1.3
Maces & Flails | 5 |  5.4
Polearms       | |  3.2
Throwing       | |  1.0
Shields        | |  0.7

Action                     |  1- 3 |  4- 6 || total
---------------------------+-------+-------++-------
  Melee: Mace              |    67 |    95 ||   162
         Punch             |     2 |       ||     2
Ability: Spit Poison       |     2 |     1 ||     3
    Use: Scroll            |     5 |     7 ||    12
 Armour: Leather armour    |    15 |    10 ||    25
  Dodge: Dodged            |    20 |    13 ||    33
  Block: Tower shield      |       |    29 ||    29
         Other             |       |     2 ||     2
